 Dungeon Crawl Stone Soup version 0.30-a0-325-gb515db48ae (webtiles) character file.

Game seed: 17852075275137397359

52 Bnni the Shield-Bearer (level 4, -1/37 HPs)
             Began as a Formicid Fighter on Oct 28, 2022.
             Slain by a gnoll
             ... wielding a +0 club
              (5 damage)
             ... on level 2 of the Dungeon.
             The game lasted 00:01:32 (1079 turns).

Bnni the Shield-Bearer (Formicid Fighter)           Turns: 1079, Time: 00:01:32

Health: -1/37      AC:  6    Str: 22    XL:     4   Next: 8%
Magic:  13/13      EV:  9    Int:  8    God:
Gold:   33         SH:  5    Dex: 13    Spells: 3/3 levels left

rFire   . . .      SeeInvis +    a - +0 war axe
rCold   . . .      Faith    .    c - +0 buckler
rNeg    . . .      Spirit   .    b - +0 scale mail
rPois   .          Reflect  .    (helmet unavailable)
rElec   .          Harm     .    (no cloak)
rCorr   .          Rampage  .    (no gloves)
Will    +....                    (no boots)
Stlth   ..........               (no amulet)
HPRegen 0.26/turn                j - ring of willpower
MPRegen 0.13/turn                n - ring of magical power

@: no status effects
A: permanent stasis, dig shafts and tunnels, antennae 3, four strong arms
a: Dig, Shaft Self


You were on level 2 of the Dungeon.
You visited 1 branch of the dungeon, and saw 2 of its levels.

You collected 33 gold pieces.

Inventory:

Hand Weapons
 a - a +0 war axe (weapon)
Armour
 b - a +0 scale mail (worn)
 c - a +0 buckler (worn)
Jewellery
 j - a ring of willpower (left hand)
 n - a ring of magical power (right hand)
Scrolls
 h - a scroll of enchant weapon {unknown}
 i - a scroll of fear {unknown}
Potions
 d - a potion of might
 f - a potion of resistance
 g - a potion of heal wounds
 l - a potion of lignification
 m - a potion of cancellation


   Skills:
 + Level 3.7 Fighting
 * Level 2.9 Axes
 - Level 3.2 Armour
 - Level 5.0 Shields


You had 3 spell levels left.
You didn't know any spells.
Your spell library was empty.

Dungeon Overview and Level Annotations

Branches:
Dungeon (2/15)

Altars:

Shops:
D:2 =


Innate Abilities, Weirdness & Mutations

You cannot be hasted, slowed, berserked, paralysed or teleported.
You can dig through walls and to a lower floor.
You have a pair of large antennae on your head. (SInv)
Your four strong arms can wield two-handed weapons with a shield.


Message History

You block the goblin's attack.
You hit the goblin.
The goblin is heavily wounded.
The gnoll hits you from afar with a +0 halberd!
The goblin completely misses you.
You hit the goblin.
You kill the goblin!
The gnoll hits you from afar with a +0 halberd!
Training target 5.0 for Shields reached!
Your Shields skill increases to level 5!
You are too injured to fight recklessly!
You are too injured to fight recklessly!
You are too injured to fight recklessly!
You are too injured to fight recklessly!
You are too injured to fight recklessly!
You are too injured to fight recklessly!
You are too injured to fight recklessly!
You are too injured to fight recklessly!
You are too injured to fight recklessly!
You are too injured to fight recklessly!
You are too injured to fight recklessly!
You are too injured to fight recklessly!
You are too injured to fight recklessly!
You are too injured to fight recklessly!
You are too injured to fight recklessly!
You are too injured to fight recklessly!
Unknown command.
You open the door. The gnoll attacks as you move away!
The gnoll closely misses you.
There is an open door here.
You hit the gnoll.
The gnoll is lightly wounded.
The gnoll hits you from afar with a +0 halberd.
The gnoll hits you but does no damage.
You barely miss the gnoll.
The gnoll is lightly wounded.
The gnoll hits you from afar with a +0 halberd!
* * * LOW HITPOINT WARNING * * *
The gnoll hits you with a +0 club.
You die...

.....#..##### #.#####.....
.....#..#...####...........
........'...+..............
...#...#.....#####........
#...#...#.# #.######.
#...#####+#####.# #.
#......##.#.....# #.
#..######.####### ##
#.gggg@..∩..+ ..
#.#######.### ## #)# ## #g#


.gg ... ..... ..... ....... You could see 4 gnolls.

Vanquished Creatures
  An adder (D:2)
  4 dart slugs
  2 bats (D:1)
  An endoplasm (D:1)
  3 goblins
  2 hobgoblins (D:1)
  7 jackals (D:1)
  3 quokkas (D:1)
  2 ball pythons (D:1)
  2 frilled lizards (D:1)
  2 kobolds (D:1)
  4 rats
33 creatures vanquished.

Notes
Turn   | Place    | Note
-------+----------+-------------------------------------------
     0 | D:1      | Bnni the Formicid Fighter began the quest for the Orb.
     0 | D:1      | Reached XP level 1. HP: 18/18 MP: 1/1
    46 | D:1      | Reached XP level 2. HP: 18/24 MP: 2/2
   265 | D:1      | Reached XP level 3. HP: 27/29 MP: 3/3
  1050 | D:2      | Reached XP level 4. HP: 34/37 MP: 4/4
  1063 | D:2      | Found Nochuu's Jewellery Emporium.
  1072 | D:2      | Reached skill level 5 in Shields
  1079 | D:2      | Slain by a gnoll

Illustrated notes

Levels and vault maps discovered:
D:1:      onia_arrival_handbag, layout_loops_ring, due_unseen_surprise
D:2:      layout_basic, serial_shops, shop, nicolae_shop_hallway_plus,
          nicolae_shop_waterfront

Skill      XL: |  1  2  3  4 |
---------------+-------------+-----
Shields        | 5 |  5.0
Fighting       | |  3.7
Axes           | |  2.9
Armour         | |  3.2

Action                   |  1- 3 |  4- 6 || total
-------------------------+-------+-------++-------
Melee: War axe           |    66 |     6 ||    72
 Abil: Dig               |     2 |       ||     2
  Use: Scroll            |     6 |       ||     6
Armor: Scale mail        |    28 |     2 ||    30
Dodge: Dodged            |    22 |     2 ||    24
Block: Buckler           |    16 |     2 ||    18

Table legend: (Time is in decaauts)
 A = Elapsed time spent in this place.
 B = Non-inter-level travel time spent in this place.
 C = Inter-level travel time spent in this place.
 D = Time resting spent in this place.
 E = Time spent auto-exploring this place.
 F = Levels seen in this place.
 G = Mean time per level.
                   A        B        C        D        E       F      G
               +--------+--------+--------+--------+--------+-----+--------+
         Total |   1106 |   1054 |     52 |      0 |    838 |   2 |  553.0 |
       Dungeon |   1106 |   1054 |     52 |      0 |    838 |   2 |  553.0 |
               +--------+--------+--------+--------+--------+-----+--------+

Top non-repeatable levels by time:
     D:1: 949 daAuts
     D:2: 156 daAuts
